 Dungeon Crawl Stone Soup version 0.18.1-5-g4a78601 (webtiles) character file.

16061 Mefis the Thaumaturge (level 12, -2/64 HPs)
             Began as a Deep Elf Wizard on May 13, 2016.
             Was the Champion of Sif Muna.
             Slain by a large slime creature (28 damage)
             ... on level 12 of the Dungeon.
             The game lasted 01:32:42 (20480 turns).

Mefis the Thaumaturge (Deep Elf Wizard)            Turns: 20480, Time: 01:32:43

Health: -2/64      AC: 13    Str:  4    XL:     12   Next: 6%
Magic:  15/27      EV: 14    Int: 32    God:    Sif Muna [******]
Gold:   116        SH:  0    Dex: 13    Spells: 11 memorised, 2 levels left

rFire  . . .     SeeInvis .     a - +2 morningstar (protect)
rCold  . . .     Gourm    .     u - +0 leather armour
rNeg   . . .     Faith    .     (no shield)
rPois  .         Spirit   .     V - +2 hat
rElec  .         Dismiss  +     P - +2 cloak
rCorr  .         Reflect  .     (no gloves)
SustAt .         Harm     .     (no boots)
MR     +....                    i - amulet of dismissal
Stlth  ++++......               K - +3 ring of intelligence
                                v - ring of stealth

@: repel missiles, somewhat resistant to hostile enchantments, stealthy
A: MP-powered wands
a: Channel Energy, Forget Spell, Renounce Religion


You were on level 12 of the Dungeon.
You worshipped Sif Muna.
Sif Muna was exalted by your worship.
You were near starving.

You visited 3 branches of the dungeon, and saw 14 of its levels.
You also visited: Bailey.

You collected 800 gold pieces.
You spent 684 gold pieces at shops.

Inventory:

Hand Weapons
 a - a +2 morningstar of protection (weapon)
 b - a +0 blowgun
 O - a +0 shortbow
Missiles
 n - 289 arrows
 J - 38 poisoned needles
 M - 14 tomahawks (quivered)
Armour
 u - a +0 leather armour (worn)
 P - a +2 cloak (worn)
 V - a +2 hat (worn)
Magical Staves
 Z - an uncursed staff of wizardry
Jewellery
 i - an amulet of dismissal (around neck)
 p - an uncursed ring of wizardry
 v - a ring of stealth (left hand)
 K - a +3 ring of intelligence (right hand)
 L - an uncursed ring of positive energy
 U - an uncursed ring of see invisible
 W - an uncursed ring of protection from fire
Wands
 y - a wand of disintegration (11/24)
Scrolls
 e - 3 scrolls of remove curse
 f - 2 scrolls of teleportation
 l - 6 scrolls of fog
 q - 3 scrolls of fear
Potions
 h - a potion of curing
 j - a potion of haste
 k - 2 potions of resistance
 m - a potion of brilliance
 s - 4 potions of flight
 D - 2 potions of might
 G - a potion of agility
 N - 2 potions of ambrosia
Books
 c - a book of Minor Magic

   Spells                             Type                      Level
   a - Magic Dart                     Conjuration                  1
   b - Blink                          Translocation                2
   c - Call Imp                       Summoning                    2
   d - Repel Missiles                 Charms/Air                   2
   e - Slow                           Hexes                        2
   f - Conjure Flame                  Conjuration/Fire             3
   g - Mephitic Cloud                 Conjuration/Poison/Air       3
 g - a book of Beasts

   Spells                             Type                      Level
   a - Summon Butterflies             Summoning                    1
   b - Call Canine Familiar           Summoning                    3
   c - Summon Ice Beast               Ice/Summoning                4
   d - Summon Mana Viper              Hexes/Summoning              5
   e - Summon Hydra                   Summoning                    7
 o - the Volume of the Oath
   (You acquired it on level 1 of the Lair of Beasts)

   Spells                             Type                      Level
   a - Corona                         Hexes                        1
   b - Dazzling Spray                 Conjuration/Hexes            3
   c - Confuse                        Hexes                        3
   d - Invisibility                   Hexes                        6
 t - a book of Enchantments

   Spells                             Type                      Level
   a - Cause Fear                     Hexes                        4
   b - Yara's Violent Unravelling     Hexes/Transmutation          5
   c - Silence                        Hexes/Air                    5
   d - Deflect Missiles               Charms/Air                   6
   e - Haste                          Charms                       6
   f - Discord                        Hexes                        8
 H - a book of Battle

   Spells                             Type                      Level
   a - Infusion                       Charms                       1
   b - Shroud of Golubria             Charms/Translocation         2
   c - Song of Slaying                Charms                       2
   d - Spectral Weapon                Hexes/Charms                 3
   e - Regeneration                   Charms/Necromancy            3
Miscellaneous
 B - a stone of tremors
 I - a phantom mirror
Comestibles
 d - 6 bread rations
 x - 10 meat rations
 R - a slice of pizza
 S - 2 royal jellies
 X - 3 beef jerkies


   Skills:
 + Level 2.4 Fighting
 - Level 1.5 Throwing
 + Level 3.5 Armour
 + Level 7.9 Dodging
 + Level 8.0 Stealth
 + Level 9.1 Spellcasting
 + Level 7.2 Conjurations
 * Level 8.9 Hexes
 * Level 2.7 Charms
 - Level 6.7 Summonings
 + Level 5.0 Necromancy
 - Level 1.1 Translocations
 - Level 3.5 Fire Magic
 - Level 4.6 Ice Magic
 - Level 7.3 Poison Magic
 + Level 5.0 Invocations


You had 2 spell levels left.
You knew the following spells:

 Your Spells              Type           Power        Failure   Level  Hunger
a - Magic Dart            Conj           ####         1%          1    None
b - Summon Butterflies    Summ           ######..     1%          1    None
c - Blink                 Tloc           N/A          8%          2    None
d - Repel Missiles        Chrm/Air       ###...       6%          2    None
e - Mephitic Cloud        Conj/Pois/Air  #####...     2%          3    None
f - Conjure Flame         Conj/Fire      #####...     1%          3    None
g - Slow                  Hex            ######..     1%          2    None
h - Cause Fear            Hex            ######....   1%          4    None
i - Regeneration          Chrm/Necr      #####.....   3%          3    None
l - Shroud of Golubria    Chrm/Tloc      ####......   4%          2    None
n - Summon Ice Beast      Ice/Summ       ######..     8%          4    None


Dungeon Overview and Level Annotations

Branches:
Dungeon (12/15)            Temple (1/1) D:4            Lair (1/8) D:8
    Orc (0/2) D:11

Altars:
Ashenzari
Cheibriados
Dithmenos
Elyvilon
Fedhas
Gozag
Kikubaaqudgha
Makhleb
Nemelex Xobeh
Okawaru
Pakellas
Qazlal
Ru
Sif Muna
Trog
Vehumet
Xom
Yredelemnul
Zin
The Shining One
Beogh

Shops:
D:11 !


Innate Abilities, Weirdness & Mutations

You expend magic power (3 MP) to strengthen your wands.


Message History

You channel some magical energy.
You feel somewhat more hungry.
You channel some magical energy.
You feel somewhat more hungry.
The large slime creature is engulfed in roaring flames.
You hit the large slime creature.
The large slime creature is lightly wounded.
The large slime creature is engulfed in roaring flames.
The large slime creature hits you!!
Ouch! That really hurt!
Press: ? - help, v - describe, . - travel
Here: a large slime creature (flame, moderately wounded)
The floor.
Casting: Conjure Flame
Confirm with . or Enter, or press ? or * to list all spells.
Aiming: Slow
Press: ? - help, Shift-Dir - straight line, f - large slime creature
Aim: a large slime creature (flame, moderately wounded, chance to defeat MR: 73%)
The large slime creature struggles to resist.
The large slime creature is engulfed in roaring flames.
The large slime creature hits you!!
You die...

......)..## #.#
#....)∩...# #.######
......)...# #......#
...#......# #..###.#
...##.....# #....#.#
##.##.....# #.##.#.#
...##...### #.##.#.#
#####.#.#####......# #
##+##...#####@###
####§≈≈#...# #J#
.#.+§≈≈'...# ##§######
.?.#§§§#...# #.......#
...##'##.#.####..####.#
..##.....J.......#
.###...J.J.###..(...u..
## #.##.##.# #..##.##.#
# #..(....# #... ..#


You could see a large slime creature.

Vanquished Creatures
  Snorg (D:10)
  A hydra (D:11)
  An orc high priest (Bailey)
  Pikel (D:7)
  4 orc knights (Bailey)
  2 hill giants
  2 ugly things
  Psyche (D:9)
  Maurice (D:8)
  A kobold demonologist (Bailey)
  A troll (D:9)
  A slime creature (D:12)
  A wraith (D:11)
  A hippogriff (D:12)
  7 yaks
  3 hungry ghosts
  A soldier ant (D:11)
  A water moccasin (D:8)
  11 orc warriors
  3 sky beasts
  2 ice beasts
  4 slaves (D:7)
  2 phantoms
  10 ogres
  2 necrophages (D:8)
  A wasp (D:11)
  7 centaurs
  A crocodile (D:11)
  The ghost of Mefis the Magician, an amateur DEWz (D:3)
  4 big kobolds
  7 giant frogs
  A wyvern skeleton (D:9)
  4 scorpions
  5 wights (D:8)
  2 spriggan skeletons (D:9)
  4 howler monkeys (D:11)
  5 electric eels (Bailey)
  2 centaur zombies
  4 giant frog zombies
  5 crimson imps
  3 hounds
  A jelly (D:9)
  A quasit (D:10)
  8 orc priests
  5 centaur skeletons
  2 giant frog skeletons
  9 orc wizards
  Ijyb (D:2)
  3 iguanas
  8 worker ants
  A statue (D:6)
  A hound zombie (D:5)
  14 adders
  5 gnolls
  4 shadow imps
  An ooze (D:2)
  A worm (D:3)
  2 dart slugs
  6 giant geckos
  60 orcs
  A giant cockroach (D:4)
  30 goblins
  16 hobgoblins
  5 jackals
  6 quokkas
  2 ball pythons
  9 bats
  A giant gecko skeleton (D:7)
  2 giant newts (D:1)
  A jackal skeleton (D:7)
  26 kobolds
  A quokka skeleton (D:6)
  7 rats
361 creatures vanquished.

Vanquished Creatures (collateral kills)
  Robin (D:4)
  A worm (D:3)
  An orc (D:3)
  A giant cockroach (D:8)
  2 goblins
  3 hobgoblins (D:4)
  A rat (D:3)
10 creatures vanquished.

Grand Total: 371 creatures vanquished

Notes
Turn   | Place    | Note
--------------------------------------------------------------
     0 | D:1      | Mefis the Deep Elf Wizard began the quest for the Orb.
     0 | D:1      | Reached XP level 1. HP: 10/10 MP: 7/7
   349 | D:1      | Reached XP level 2. HP: 9/15 MP: 1/9
   420 | D:1      | Learned a level 2 spell: Call Imp
   423 | D:1      | Learned a level 2 spell: Blink
   426 | D:1      | Learned a level 2 spell: Repel Missiles
  1215 | D:2      | Reached XP level 3. HP: 19/19 MP: 0/11
  1649 | D:2      | Found a basalt altar of Yredelemnul.
  1688 | D:2      | Reached XP level 4. HP: 22/24 MP: 5/12
  1693 | D:2      | Learned a level 3 spell: Mephitic Cloud
  1843 | D:2      | Noticed Ijyb
  1855 | D:2      | Killed Ijyb
  2119 | D:3      | Noticed Mefis's ghost (amateur DEWz)
  2307 | D:3      | Killed Mefis's ghost
  2307 | D:3      | Reached skill level 5 in Spellcasting
  2307 | D:3      | Reached XP level 5. HP: 19/28 MP: 2/14
  2312 | D:3      | Learned a level 3 spell: Conjure Flame
  3202 | D:4      | Noticed an ogre
  3212 | D:4      | Killed an ogre
  3212 | D:4      | Reached skill level 1 in Poison Magic
  3212 | D:4      | Reached XP level 6. HP: 32/32 MP: 1/15
  3666 | D:4      | Reached skill level 1 in Fire Magic
  3775 | D:4      | Noticed Robin
  3801 | D:4      | Killed Robin
  4198 | D:4      | Found a deep blue altar of Sif Muna.
  4206 | D:4      | Became a worshipper of Sif Muna the Loreminder
  4559 | D:4      | Found a staircase to the Ecumenical Temple.
  4710 | Temple   | Entered the Ecumenical Temple
  5050 | D:5      | Entered Level 5 of the Dungeon
  5054 | D:5      | Learned a level 2 spell: Slow
  5460 | D:5      | Found a stormy altar of Qazlal.
  5497 | D:5      | Reached XP level 7. HP: 25/36 MP: 6/17
  6263 | D:5      | Reached skill level 1 in Hexes
  6770 | D:6      | Reached * piety under Sif Muna
  6788 | D:6      | Gained mutation: Your magical capacity is low (-10% MP). [mutagenic meat]
  6789 | D:6      | Lost mutation: Your magical capacity is low (-10% MP). [potion of cure mutation]
  6790 | D:6      | Gained mutation: You are dopey. (Int -2) [mutagenic meat]
  6791 | D:6      | Lost mutation: You are dopey. (Int -2) [potion of cure mutation]
  6792 | D:6      | Gained mutation: You expend magic power (3 MP) to strengthen your wands. [mutagenic meat]
  6793 | D:6      | Gained mutation: Scrolls take you a little longer to read. [mutagenic meat]
  6794 | D:6      | Gained mutation: Your natural rate of healing is unusually fast. [mutagenic meat]
  6796 | D:6      | Gained mutation: You occasionally shout uncontrollably at your foes. [mutagenic meat]
  7221 | D:6      | Reached XP level 8. HP: 41/41 MP: 10/18
  7358 | D:6      | Reached skill level 6 in Spellcasting
  7520 | D:6      | Found a radiant altar of Vehumet.
  7724 | D:7      | Reached skill level 5 in Dodging
  7740 | D:7      | Reached skill level 5 in Stealth
  7976 | D:7      | Found an iron altar of Okawaru.
  8001 | D:7      | Found a glowing golden altar of the Shining One.
  8075 | D:7      | Reached ** piety under Sif Muna
  8075 | D:7      | Reached skill level 5 in Conjurations
  8600 | D:7      | Found a blossoming altar of Fedhas.
  8762 | D:7      | Reached skill level 1 in Invocations
  9050 | D:7      | Noticed Pikel
  9099 | D:7      | Killed Pikel
  9099 | D:7      | Reached skill level 1 in Armour
  9099 | D:7      | Reached skill level 5 in Poison Magic
  9099 | D:7      | Reached XP level 9. HP: 45/45 MP: 4/20
  9321 | D:8      | Learned a level 4 spell: Summon Ice Beast
  9323 | D:8      | Learned a level 1 spell: Summon Butterflies
  9396 | D:8      | HP: 1/45 [something/puff of frost (7)]
  9409 | D:8      | HP: 2/45 [something/puff of frost (5)]
  9586 | D:8      | Reached skill level 1 in Ice Magic
 10257 | D:8      | Reached *** piety under Sif Muna
 10386 | D:8      | Reached skill level 5 in Summonings
 10860 | D:8      | Reached skill level 7 in Spellcasting
 10953 | D:8      | Noticed Maurice
 10965 | D:8      | Killed Maurice
 11557 | D:8      | Found a staircase to the Lair.
 11577 | Lair:1   | Entered Level 1 of the Lair of Beasts
 11655 | D:9      | Noticed Psyche
 11674 | D:9      | Killed Psyche
 11686 | D:9      | Found a shimmering altar of Xom.
 11807 | D:9      | Reached XP level 10. HP: 50/50 MP: 18/23
 12464 | D:9      | Found a shadowy altar of Dithmenos.
 12670 | D:9      | Reached **** piety under Sif Muna
 13144 | D:9      | Reached skill level 5 in Hexes
 13523 | D:9      | Found an oddly glowing altar of Pakellas.
 13681 | D:9      | Found a sparkling altar of Nemelex Xobeh.
 14077 | D:10     | Entered Level 10 of the Dungeon
 14081 | D:10     | Learned a level 2 spell: Shroud of Golubria
 14086 | D:10     | Learned a level 3 spell: Regeneration
 14582 | D:10     | Found a stormy altar of Qazlal.
 14626 | D:10     | Noticed a hill giant
 14651 | D:10     | Killed a hill giant
 14651 | D:10     | Reached skill level 1 in Charms
 14653 | D:10     | Noticed Snorg
 14698 | D:10     | HP: 1/50 [Snorg (16)]
 14821 | D:9      | Reached skill level 1 in Necromancy
 15109 | D:10     | Reached skill level 1 in Throwing
 15210 | D:10     | HP: 1/50 [Snorg (4)]
 15255 | D:10     | Killed Snorg
 15255 | D:10     | Reached ***** piety under Sif Muna
 15255 | D:10     | Reached skill level 8 in Spellcasting
 15255 | D:10     | Reached XP level 11. HP: 23/54 MP: 1/25
 16560 | D:11     | Noticed a hill giant
 16692 | D:11     | Killed a hill giant
 17080 | D:11     | Found Iliqekh's Distillery.
 17086 | D:11     | Bought 2 potions of cure mutation for 600 gold pieces
 17086 | D:11     | Bought a potion of lignification for 36 gold pieces
 17086 | D:11     | Bought a potion of brilliance for 48 gold pieces
 17341 | D:11     | Found a roughly hewn altar of Beogh.
 17341 | D:11     | Found a staircase to the Orcish Mines.
 17341 | D:11     | Noticed a red ugly thing
 17380 | D:11     | Killed a red ugly thing
 17402 | D:11     | Gained mutation: You possess an exceptional clarity of mind. [mutagenic meat]
 17627 | D:11     | Noticed a six-headed hydra
 17647 | D:11     | Killed a six-headed hydra
 17647 | D:11     | Reached skill level 1 in Fighting
 18231 | D:12     | Found a flagged portal.
 18242 | Bailey   | Entered a bailey
 18392 | Bailey   | Found an iron altar of Okawaru.
 18392 | Bailey   | Noticed an orc high priest
 18625 | Bailey   | Killed an orc high priest
 19037 | Bailey   | Noticed an orc knight
 19046 | Bailey   | Killed an orc knight
 19165 | Bailey   | Noticed an orc knight
 19202 | Bailey   | Killed an orc knight
 19329 | Bailey   | Noticed an orc knight
 19329 | Bailey   | Noticed an orc knight
 19358 | Bailey   | Killed an orc knight
 19358 | Bailey   | Reached skill level 5 in Invocations
 19366 | Bailey   | Killed an orc knight
 19366 | Bailey   | Reached skill level 9 in Spellcasting
 19524 | Bailey   | Learned a level 4 spell: Cause Fear
 20241 | Lair:1   | Lost mutation: Scrolls take you a little longer to read. [potion of cure mutation]
 20241 | Lair:1   | Lost mutation: You occasionally shout uncontrollably at your foes. [potion of cure mutation]
 20241 | Lair:1   | Lost mutation: Your natural rate of healing is unusually fast. [potion of cure mutation]
 20241 | Lair:1   | Lost mutation: You possess an exceptional clarity of mind. [potion of cure mutation]
 20251 | Lair:1   | Identified the Volume of the Oath (You acquired it on level 1 of the Lair of Beasts)
 20253 | Lair:1   | Got a shimmering hat
 20264 | Lair:1   | Identified the +0 hat of Twilight {Slay+5} (You acquired it on level 1 of the Lair of Beasts)
 20456 | D:12     | Noticed a cyan ugly thing
 20468 | D:12     | Reached skill level 5 in Necromancy
 20468 | D:12     | Reached XP level 12. HP: 61/62 MP: 12/27
 20476 | D:12     | Reached ****** piety under Sif Muna
 20480 | D:12     | Slain by a large slime creature

Skill      XL: |  1  2  3  4  5  6  7  8  9 10 11 |
---------------+----------------------------------+-----
Dodging        | 3 4 5 6 7 |  7.9
Stealth        | 3 4 5 6 8 |  8.0
Conjurations   | 2 3 4 5 6 7 |  7.2
Spellcasting   | 5 6 7 8 9 |  9.1
Summonings     | 2 3 4 5 6 |  6.7
Poison Magic   | 1 2 3 5 6 7 |  7.3
Fire Magic     | 1 2 3 |  3.5
Hexes          | 2 3 4 5 8 |  8.9
Invocations    | 1 2 4 5 |  5.0
Armour         | 1 2 3 |  3.5
Ice Magic      | 3 4 |  4.6
Charms         | 1 2 |  2.7
Necromancy     | 2 5 |  5.0
Throwing       | 1 |  1.5
Fighting       | 2 |  2.4
Translocations | |  1.1

Action                   |  1- 3 |  4- 6 |  7- 9 | 10-12 || total
-------------------------+-------+-------+-------+-------++-------
Melee: Dagger            |     9 |    35 |       |       ||    44
       Morningstar       |       |       |     5 |    30 ||    35
       Staff             |       |       |     1 |       ||     1
 Fire: Hunting sling     |       |     4 |       |       ||     4
       Shortbow          |       |       |    81 |     2 ||    83
       Blowgun           |       |       |       |   260 ||   260
Throw: Tomahawk          |       |       |       |    12 ||    12
       Javelin           |       |       |       |     8 ||     8
 Cast: Magic Dart        |    83 |   147 |   435 |   670 ||  1335
       Repel Missiles    |     2 |     1 |       |     4 ||     7
       Call Imp          |       |    11 |     3 |       ||    14
       Mephitic Cloud    |       |     6 |    30 |    76 ||   112
       Conjure Flame     |       |       |    13 |    45 ||    58
       Summon Butterflie |       |       |     4 |     5 ||     9
       Summon Ice Beast  |       |       |     3 |       ||     3
       Blink             |       |       |     1 |    21 ||    22
       Shroud of Golubri |       |       |       |     3 ||     3
       Regeneration      |       |       |       |     1 ||     1
       Slow              |       |       |       |     4 ||     4
       Cause Fear        |       |       |       |     1 ||     1
Invok: Channel Energy    |       |       |    16 |    27 ||    43
       Forget Spell      |       |       |       |     1 ||     1
  Use: Scroll            |       |     6 |    10 |     6 ||    22
       Potion            |       |       |     4 |     5 ||     9
 Stab: Distracted        |       |     2 |       |       ||     2
       Sleeping          |       |     1 |       |       ||     1
       Confused          |       |       |       |     1 ||     1
  Eat: Chunk             |     2 |     8 |    19 |    25 ||    54
       Bread ration      |       |     1 |     2 |     1 ||     4
       Fruit             |       |       |       |     1 ||     1
Armor: Robe              |     2 |    14 |    11 |       ||    27
       Leather armour    |       |       |    27 |    83 ||   110
Dodge: Dodged            |    13 |    41 |    72 |   174 ||   300
       Deflected         |     1 |     2 |     1 |     9 ||    13
